 Dungeon Crawl Stone Soup version 0.18-a0-1800-gdc7a371 (webtiles) character file.

5713 nubinia the Zephyrmancer (level 10, -7/54 HPs)
             Began as a Tengu Air Elementalist on Apr 24, 2016.
             Was a Believer of Sif Muna.
             Mangled by Joseph
             ... wielding a +0 quarterstaff
              (13 damage)
             ... on level 8 of the Dungeon.
             The game lasted 00:56:13 (11995 turns).

nubinia the Zephyrmancer (Tengu Air Elementalist)  Turns: 11995, Time: 00:56:14

Health: -7/54      AC:  4    Str:  8    XL:     10   Next: 76%
Magic:  5/21       EV: 15    Int: 19    God:    Sif Muna [**....]
Gold:   212        SH:  0    Dex: 15    Spells: 8 memorised, 4 levels left

rFire  + . .     SeeInvis .     j - +5 trident "Moc Totiuv" {flame, rF+ Stlth+}
rCold  + . .     Gourm    .     a - +0 robe
rNeg   . . .     Faith    .     (no shield)
rPois  .         Spirit   .     (helmet restricted)
rElec  .         Dismiss  .     O - +0 cloak {MR+}
rCorr  .         Reflect  .     i - +0 pair of gloves
SustAt .         Harm     .     (boots unavailable)
MR     +....                    H - amulet of rage
Stlth  ++++......               J - ring of protection from cold
                                l - ring of flight

@: repel missiles, somewhat resistant to hostile enchantments, stealthy
A: beak, talons 3, able to fly 1
a: Fly, Channel Energy, Renounce Religion, Evoke Berserk Rage, Evoke Flight


You were on level 8 of the Dungeon.
You worshipped Sif Muna.
Sif Muna was pleased with you.
You were very hungry.

You visited 2 branches of the dungeon, and saw 10 of its levels.

You collected 405 gold pieces.
You spent 193 gold pieces at shops.

Inventory:

Hand Weapons
 d - a +1 short sword
 j - the +5 trident "Moc Totiuv" (weapon) {flame, rF+ Stlth+}
   (You bought it in a shop on level 5 of the Dungeon)

   It has been specially enchanted to burn those struck by it, causing extra
   injury to most foes and up to half again as much damage against particularly
   susceptible opponents.
   It protects you from fire.
   It makes you more stealthy.
Armour
 a - a +0 robe (worn)
 i - a +0 pair of gloves (worn)
 O - a +0 cloak of magic resistance (worn)
Rods
 L - a +1 rod of ignition (14/14)
   (You found it on level 7 of the Dungeon)
Jewellery
 l - a ring of flight (left hand)
 H - an amulet of rage (around neck)
 J - a ring of protection from cold (right hand)
Wands
 f - a wand of iceblast (6/15)
 y - a wand of flame (26/48)
 A - a wand of disintegration (8/24)
 M - a wand of slowing (25/48)
 P - a wand of acid (6/15)
Scrolls
 k - 2 scrolls of teleportation
 n - 4 scrolls of fear
 p - a scroll of blinking
 r - a scroll of enchant weapon
 s - a scroll of recharging {unknown}
 t - a scroll of random uselessness {unknown}
 u - a scroll of noise {unknown}
 v - a scroll of magic mapping {unknown}
 E - a scroll of remove curse
 F - a scroll of brand weapon {unknown}
 I - a scroll of fog {unknown}
 K - a scroll of vulnerability {unknown}
Potions
 e - a potion of heal wounds {unknown}
 h - 4 potions of agility
 m - 2 potions of lignification
 o - 3 potions of curing
 q - a potion of cancellation
 w - 2 potions of flight
 x - a potion of haste {unknown}
 z - a potion of mutation
 G - a potion of brilliance
 N - a potion of berserk rage {unknown}
Books
 b - a book of Air

   Spells                             Type                      Level
   a - Shock                          Conjuration/Air              1
   b - Swiftness                      Charms/Air                   2
   c - Repel Missiles                 Charms/Air                   2
   d - Static Discharge               Conjuration/Air              3
   e - Lightning Bolt                 Conjuration/Air              5
 C - a book of Flames

   Spells                             Type                      Level
   a - Flame Tongue                   Conjuration/Fire             1
   b - Throw Flame                    Conjuration/Fire             2
   c - Conjure Flame                  Conjuration/Fire             3
   d - Inner Flame                    Hexes/Fire                   3
   e - Sticky Flame                   Conjuration/Fire             4
   f - Fireball                       Conjuration/Fire             5
 D - a book of the Warp

   Spells                             Type                      Level
   a - Recall                         Summoning/Translocation      3
   b - Gell's Gravitas                Hexes/Translocation          3
   c - Force Lance                    Conjuration/Translocation    4
   d - Warp Weapon                    Charms/Translocation         5
   e - Summon Forest                  Summoning/Translocation      5
Comestibles
 c - 2 bread rations
 g - 3 meat rations
 B - 7 royal jellies


   Skills:
 + Level 2.7 Fighting
 + Level 0.7 Short Blades
 + Level 2.4 Polearms
 + Level 5.6 Dodging
 + Level 4.1 Stealth
 + Level 7.1 Spellcasting
 * Level 9.9 Conjurations
 + Level 0.2 Charms
 * Level 4.4 Fire Magic
 * Level 11.1 Air Magic
 + Level 0.8 Evocations


You had 4 spell levels left.
You knew the following spells:

 Your Spells              Type           Power        Failure   Level  Hunger
a - Shock                 Conj/Air       ####         1%          1    None
b - Swiftness             Chrm/Air       ####....     1%          2    None
c - Static Discharge      Conj/Air       #####...     1%          3    #......
d - Flame Tongue          Conj/Fire      ####.        1%          1    None
e - Throw Flame           Conj/Fire      ####..       1%          2    None
f - Conjure Flame         Conj/Fire      ####....     1%          3    #......
g - Lightning Bolt        Conj/Air       #####.....   4%          5    #####..
r - Repel Missiles        Chrm/Air       ####..       1%          2    None


Dungeon Overview and Level Annotations

Branches:
Dungeon (9/15)             Temple (1/1) D:7
   Lair: D:8-11         Orc: D:9-12

Altars:
Ashenzari
Cheibriados
Dithmenos
Elyvilon
Fedhas
Gozag
Kikubaaqudgha
Nemelex Xobeh
Okawaru
Pakellas
Qazlal
Ru
Sif Muna
Trog
Vehumet
Xom
Yredelemnul
The Shining One

Shops:
D:5 (   D:6 %   D:7 *

Annotations:
D:4 M4edhros's ghost, amateur OpNe
D:7 exclusion: ice statue
D:8 Joseph
D:9 exclusion: slave


Innate Abilities, Weirdness & Mutations

You have a beak for a mouth.
You have claws for feet.
You can fly.


Message History

Joseph is heavily wounded.
The lightning grounds out.
Casting: Static Discharge
Confirm with . or Enter, or press ? or * to list all spells.
Joseph is struck by lightning.
Joseph is heavily wounded.
The lightning grounds out.
Joseph hits you with an uncursed quarterstaff!
* * * LOW HITPOINT WARNING * * *
Drink which item? (? for menu, Esc to quit)
Okay, then.
Casting: Static Discharge
Confirm with . or Enter, or press ? or * to list all spells.
Joseph is struck by lightning.
Joseph is severely wounded.
The lightning arcs!
You are struck by lightning.
* * * LOW HITPOINT WARNING * * *
The lightning grounds out.
Joseph hits you with an uncursed quarterstaff!
You die...

#...#....#..# ..
#...#....#..# ... ##
#...#....#..#.... .#
#...#....#..#..
.#######..#....#..'. .
.##...##..#....#..# ..#
......#...#....#..##...#
......'...#....(.......#
.##...#...#...)#@......'
)##...##..#....#@......#
.##...##..#...)#.......#
..........#....#.......#
..#.......#....#........
#...#.....#....#........
..#.....>.#....#..######
#...#.##..#....#..##
..#...##..#....#...#


You could see Joseph.

Vanquished Creatures
  Maurice (D:8)
  A queen bee (D:8)
  2 trolls (D:9)
  A wyvern (D:8)
  A hungry ghost (D:9)
  A hippogriff (D:9)
  2 black bears
  A sky beast (D:9)
  An orc warrior (D:8)
  An ice beast (D:6)
  7 ogres
  A phantom (D:6)
  3 centaurs
  A big kobold (D:7)
  5 giant frogs
  3 scorpions
  23 killer bees
  4 wights (D:9)
  A howler monkey (D:5)
  2 crimson imps
  5 jellies
  4 orc priests
  A hound (D:4)
  A gnoll shaman (D:4)
  2 iguanas
  9 orc wizards
  6 worker ants
  A hound zombie (D:5)
  2 worker ant zombies
  Robin (D:2)
  A howler monkey zombie (D:7)
  4 gnolls (D:4)
  12 adders
  3 shadow imps
  An adder zombie (D:5)
  3 adder skeletons
  6 worms
  2 dart slugs
  5 giant geckos
  25 orcs
  2 ball pythons (D:1)
  A giant cockroach (D:4)
  12 goblins
  12 hobgoblins
  7 jackals
  5 quokkas
  9 bats
  2 giant gecko skeletons
  8 giant newts
  2 jackal skeletons
  11 kobolds
  6 rats
233 creatures vanquished.

Notes
Turn   | Place    | Note
--------------------------------------------------------------
     0 | D:1      | nubinia the Tengu Air Elementalist began the quest for the Orb.
     0 | D:1      | Reached XP level 1. HP: 10/10 MP: 4/4
   299 | D:1      | Reached XP level 2. HP: 11/15 MP: 1/6
   420 | D:1      | Learned a level 2 spell: Repel Missiles
   424 | D:1      | Learned a level 2 spell: Swiftness
   912 | D:2      | Noticed Robin
  1037 | D:2      | Found a blossoming altar of Fedhas.
  1157 | D:2      | Reached XP level 3. HP: 19/19 MP: 3/7
  1734 | D:2      | Reached XP level 4. HP: 24/24 MP: 4/9
  1891 | D:2      | Killed Robin
  1937 | D:2      | Found a sparkling altar of Nemelex Xobeh.
  2383 | D:3      | Found an opulent altar of Gozag.
  2632 | D:2      | Found a white marble altar of Elyvilon.
  2632 | D:2      | Found a glowing golden altar of the Shining One.
  2721 | D:3      | Gained mutation: You can fly. [Tengu growth]
  2721 | D:3      | Reached XP level 5. HP: 23/28 MP: 2/10
  2908 | D:3      | Found an iron altar of Okawaru.
  2939 | D:3      | Reached skill level 5 in Air Magic
  3373 | D:3      | Found a snail-covered altar of Cheibriados.
  3570 | D:4      | HP: 1/28 [orc priest/nerve-wracking pain (14)]
  3571 | D:4      | Reached XP level 6. HP: 1/33 MP: 6/12
  4125 | D:4      | Reached skill level 6 in Air Magic
  4141 | D:4      | Noticed M4edhros's ghost (amateur OpNe)
  4457 | D:4      | Learned a level 3 spell: Static Discharge
  4550 | D:4      | Reached skill level 1 in Fighting
  4756 | D:4      | Reached XP level 7. HP: 18/38 MP: 5/13
  5332 | D:4      | Found a sacrificial altar of Ru.
  5462 | D:4      | Found a shimmering altar of Xom.
  5650 | D:5      | Entered Level 5 of the Dungeon
  5680 | D:5      | Reached skill level 7 in Air Magic
  5801 | D:5      | Found Azoor's Antique Weapon Boutique.
  5810 | D:5      | Bought a translucent trident for 161 gold pieces
  5810 | D:5      | Identified the +5 trident "Moc Totiuv" {flame, rF+ Stlth+} (You bought it in a shop on level 5 of the Dungeon)
  6054 | D:5      | Reached skill level 5 in Conjurations
  6119 | D:5      | Reached XP level 8. HP: 43/43 MP: 9/15
  6155 | D:5      | Found a shattered altar of Ashenzari.
  6536 | D:6      | Reached skill level 5 in Spellcasting
  6587 | D:6      | Learned a level 1 spell: Flame Tongue
  6608 | D:6      | Found a basalt altar of Yredelemnul.
  6707 | D:6      | Found Guecwu's Food Boutique.
  6928 | D:6      | Reached skill level 8 in Air Magic
  7031 | D:6      | Reached skill level 1 in Polearms
  7486 | D:7      | Found Iprassat's General Store.
  7494 | D:7      | Reached XP level 9. HP: 47/48 MP: 14/18
  7501 | D:7      | Bought a scroll of identify for 32 gold pieces
  7713 | D:7      | Noticed an ice statue
  8077 | D:7      | Found a staircase to the Ecumenical Temple.
  8086 | Temple   | Entered the Ecumenical Temple
  8126 | Temple   | Became a worshipper of Sif Muna the Loreminder
  8290 | D:7      | Reached skill level 9 in Air Magic
  8792 | D:8      | Noticed a queen bee
  9023 | D:8      | Reached skill level 1 in Fire Magic
  9110 | D:8      | Reached skill level 5 in Dodging
  9330 | D:9      | Reached * piety under Sif Muna
  9516 | D:9      | Learned a level 2 spell: Throw Flame
  9520 | D:9      | Learned a level 3 spell: Conjure Flame
  9526 | D:9      | Learned a level 5 spell: Lightning Bolt
  9977 | D:9      | Reached skill level 10 in Air Magic
  9977 | D:9      | Reached XP level 10. HP: 54/54 MP: 7/20
 10387 | D:9      | Found a shadowy altar of Dithmenos.
 10496 | D:9      | Reached ** piety under Sif Muna
 10655 | D:8      | Noticed Maurice
 10665 | D:8      | Killed Maurice
 10674 | D:8      | Identified a +1 rod of ignition (14/14) (You found it on level 7 of the Dungeon)
 11427 | D:8      | Found a stormy altar of Qazlal.
 11747 | D:8      | Reached skill level 11 in Air Magic
 11989 | D:8      | Noticed Joseph
 11995 | D:8      | Mangled by Joseph

Vault maps used:
D:1:      minmay_arrival_up_and_down
D:2:      nicolae_overflow_hidden_temple, fedhas_altar_1, uniq_robin
D:3:      old_standard_altar, nicolae_overflow_crystal_walls,
          kennysheep_slug_shrine, minmay_stone_trees_small
D:4:      overflow_temple_1_default, marbit_many_paths
D:5:      kennysheep_little_box, serial_shops, nicolae_shop_overgrown_old_shop,
          first_bread
D:6:      yredelemnul_altar_generic, serial_shops, shop
D:7:      lemuel_ice_statue, temple_hall, serial_shops, shop
D:8:      lemuel_crystal_altar, david_nohive_1, hex_tiny,
          kennysheep_decorative_pillar, uniq_joseph, uniq_maurice
D:9:      grunt_dithmenos_smoke, uniq_pikel
Temple:   nicolae_temple_great_sept

Skill      XL: |  1  2  3  4  5  6  7  8  9 10 |
---------------+-------------------------------+-----
Conjurations   | 2 3 4 5 7 8 9 |  9.9
Spellcasting   | 3 4 5 6 7 |  7.1
Air Magic      | 5 6 7 8 10 11 | 11.1
Dodging        | 3 4 5 |  5.6
Fighting       | 1 2 |  2.7
Stealth        | 3 4 |  4.1
Polearms       | 1 2 |  2.4
Fire Magic     | 2 4 |  4.4
Short Blades   | |  0.7
Charms         | |  0.2
Evocations     | |  0.8

Action                   |  1- 3 |  4- 6 |  7- 9 | 10-12 || total
-------------------------+-------+-------+-------+-------++-------
Melee: Short sword       |    28 |    29 |       |       ||    57
       Peck              |     3 |     3 |     5 |     2 ||    13
       Kick              |     3 |     9 |     8 |     4 ||    24
       Trident           |       |       |    76 |    43 ||   119
 Cast: Shock             |    65 |   139 |   288 |    89 ||   581
       Repel Missiles    |     1 |       |       |       ||     1
       Static Discharge  |       |       |    10 |    29 ||    39
       Throw Flame       |       |       |     5 |     1 ||     6
       Conjure Flame     |       |       |       |     3 ||     3
       Lightning Bolt    |       |       |       |     3 ||     3
 Abil: Fly               |       |       |     2 |       ||     2
       Evoke Flight      |       |       |       |     1 ||     1
Evoke: Rod               |       |       |       |     4 ||     4
  Use: Scroll            |       |     7 |     7 |       ||    14
       Potion            |       |       |     1 |       ||     1
 Stab: Sleeping          |     2 |     2 |       |       ||     4
  Eat: Chunk             |     3 |     8 |    16 |     3 ||    30
       Pizza             |       |     1 |       |       ||     1
       Royal jelly       |       |       |     1 |       ||     1
       Bread ration      |       |       |       |     1 ||     1
       Beef jerky        |       |       |       |     1 ||     1
Armor: Robe              |     8 |     8 |    24 |     4 ||    44
Dodge: Dodged            |    18 |    50 |    70 |    44 ||   182
       Deflected         |       |     1 |       |     6 ||     7
